 Dungeon Crawl Stone Soup version 0.19-a0-727-g0a03c4b (webtiles) character file.

12163 AlphabetPasta the Tainter (level 11, -3/88 HPs)
             Began as a Naga Venom Mage on June 21, 2016.
             Was the Champion of Cheibriados.
             Slain by Snorg (8 damage)
             ... on level 11 of the Dungeon.
             The game lasted 01:35:07 (10768 turns).

AlphabetPasta the Tainter (Naga Venom Mage)        Turns: 10768, Time: 01:35:08

Health: -3/88      AC: 16    Str: 29    XL:     11   Next: 89%
Magic:  1/22       EV: 12    Int: 34    God:    Cheibriados [******]
Gold:   571        SH:  0    Dex: 29    Spells: 3 memorised, 17 levels left

rFire  . . .     SeeInvis +     a - +0 trident (protect)
rCold  . . .     Gourm    .     x - +1 ring mail of the Komtur {*Contam MR++ Regen+ Str+4}
rNeg   + + +     Faith    .     (no shield)
rPois  +         Spirit   .     r - +0 helmet
rElec  .         Dismiss  .     A - +0 cloak
rCorr  +         Reflect  .     d - +0 pair of gloves "Paen" {*Contam rN+++ rCorr Dex-2}
SustAt .         Harm     .     (no barding)
MR     +++..                    (no amulet)
Stlth  ++++......               (no ring)
                                h - +4 ring of dexterity

@: very slightly contaminated, very slow, extremely resistant to hostile
enchantments, stealthy
A: see invisible, deformed body, poison resistance, slowness 2, slow metabolism
1, spit poison 2, AC +3
a: Spit Poison, Bend Time, Temporal Distortion, Slouch, Step From Time, Renounce
Religion


You were on level 11 of the Dungeon.
You worshipped Cheibriados.
Cheibriados was exalted by your worship.
You were hungry.

You visited 2 branches of the dungeon, and saw 12 of its levels.

You collected 571 gold pieces.

Inventory:

Hand Weapons
 a - a +0 trident of protection (weapon)
 b - a +0 shortbow
 c - a +0 quarterstaff
Missiles
 q - 162 arrows
Armour
 d - the +0 pair of gloves "Paen" (worn) {*Contam rN+++ rCorr Dex-2}
   (You found it on level 9 of the Dungeon)

   It affects your dexterity (-2).
   It renders you almost immune to negative energy.
   It causes magical contamination when unequipped.
   It protects you from acid and corrosion.
 r - a +0 helmet (worn)
 v - a +1 pair of gloves
 x - the +1 ring mail of the Komtur (worn) {*Contam MR++ Regen+ Str+4}
   (You found it on level 8 of the Dungeon)

   It affects your strength (+4).
   It affects your resistance to hostile enchantments.
   It causes magical contamination when unequipped.
   It increases your rate of regeneration.
 A - a +0 cloak (worn)
Jewellery
 e - an uncursed ring of ice
 f - the ring "Ilear" {Fire Stlth+}
   (You found it on level 6 of the Dungeon)

   [ring of fire]

   It enhances your fire magic, and weakens your ice magic.
   It protects you from fire.
   It makes you vulnerable to cold.
   It makes you more stealthy.
 h - a +4 ring of dexterity (left hand)
Wands
 s - a wand of paralysis (9/24)
 y - a wand of lightning (3/15)
Scrolls
 g - 2 scrolls of blinking
 j - 2 scrolls of enchant armour
 l - 2 scrolls of teleportation
 n - 4 scrolls of remove curse
 u - 2 scrolls of identify
 w - a scroll of amnesia
Potions
 i - a potion of ambrosia
 k - a potion of resistance
 p - 5 potions of curing
Books
 m - a Young Poisoner's Handbook

   Spells                             Type                      Level
   a - Sting                          Conjuration/Poison           1
   b - Cure Poison                    Poison                       2
   c - Mephitic Cloud                 Conjuration/Poison/Air       3
   d - Olgreb's Toxic Radiance        Poison                       4
   e - Venom Bolt                     Conjuration/Poison           5
 o - a book of Envenomations

   Spells                             Type                      Level
   a - Spider Form                    Transmutation/Poison         3
   b - Olgreb's Toxic Radiance        Poison                       4
   c - Alistair's Intoxication        Transmutation/Poison         5
   d - Poisonous Cloud                Conjuration/Poison/Air       6
Comestibles
 t - 8 bread rations
 B - a slice of pizza
 C - 9 royal jellies
 D - 3 chunks of flesh


   Skills:
 - Level 2.7 Fighting
 - Level 2.4(4.2) Polearms
 + Level 5.5(5.7) Staves
 + Level 4.9 Bows
 + Level 3.1 Armour
 - Level 3.1 Dodging
 - Level 6.4 Stealth
 + Level 7.5 Spellcasting
 + Level 6.2 Conjurations
 + Level 12.7 Poison Magic
 + Level 6.9 Invocations


You had 17 spell levels left.
You knew the following spells:

 Your Spells              Type           Power        Failure   Level  Hunger
a - Sting                 Conj/Pois      ####         1%          1    None
b - Mephitic Cloud        Conj/Pois/Air  ######..     1%          3    None
c - Olgreb's Toxic Radia  Pois           #######.     1%          4    None


Dungeon Overview and Level Annotations

Branches:
Dungeon (11/15)            Temple (1/1) D:4            Lair (0/6) D:9
    Orc: D:9-12

Altars:
Ashenzari
Cheibriados
Dithmenos
Elyvilon
Fedhas
Gozag
Hepliaklqana
Kikubaaqudgha
Makhleb
Nemelex Xobeh
Okawaru
Pakellas
Qazlal
Ru
Sif Muna
Trog
Uskayaw
Vehumet
Xom
Yredelemnul
Zin
The Shining One

Shops:
D:5 %   D:8 }

Annotations:
D:3 Magifyre's ghost, amateur DEFE
D:5 exclusions: slave and 1 more exclusion
D:11 Snorg; Wraiths's ghost, journeyman DsAr


Innate Abilities, Weirdness & Mutations

You cannot wear boots.
Your serpentine skin is tough. (AC +3)
You have supernaturally acute eyesight. (SInv)
Armour fits poorly on your strangely shaped body.
Your system is resistant to poisons. (rPois)
You cover ground very slowly.
You have a slow metabolism.
You can spit poison.


Message History

The orc hits you but does no damage. The orc misses you.
The crimson imp summons a swarm of flies.
The crimson imp misses you.
Snorg looks as sick as possible!
You kill the orc!
Cheibriados appreciates the change of pace.
You kill the orc!
Cheibriados thoroughly appreciates the change of pace.
Snorg goes berserk!
The crimson imp blinks!
Snorg closely misses you. Snorg claws you! Snorg misses you.
You have got your breath back.
Your toxic aura wanes.
The crimson imp blinks!
Snorg bites you! Snorg claws you but does no damage. x2
Snorg bites you. Snorg closely misses you. Snorg barely misses you.
The worker ant bites the plant.
Snorg bites you!
* * * LOW HITPOINT WARNING * * *
Snorg claws you!
* * * LOW HITPOINT WARNING * * *
Snorg claws you!
You die...

......≈≈≈≈≈≈..
.....≈≈≈≈≈≈Pa≈..
#.....≈5≈≈≈≈P≈..
#########.†....≈≈≈≈≈≈...
.............P...≈≈≈..P.
.5.............§........
..................)...#
......†......§))..?...#
....)<†)...†...T@.....#
........................
########################


You could see Snorg (berserk), a worker ant and a crimson imp.

Vanquished Creatures
  Urug (D:11)
  The ghost of Justinthyme the Artisan of Death, a novice DENe of Kikubaaqudgha (D:8)
  2 hill giants
  Maurice (D:8)
  A queen bee (D:9)
  A troll (D:9)
  Grinder (D:6)
  A two-headed ogre (D:8)
  Sigmund (D:2)
  A spriggan (D:10)
  2 wyverns
  2 hippogriffs
  3 hungry ghosts
  A water moccasin (D:11)
  4 phantoms
  An ice beast (D:10)
  2 black bears
  6 orc warriors
  3 sky beasts
  4 wolves (D:9)
  5 ogres
  An eye of draining (D:10)
  2 necrophages
  8 centaurs
  A big kobold (D:10)
  8 giant frogs
  4 scorpions
  A wyvern skeleton (D:7)
  29 killer bees
  A howler monkey (D:7)
  3 electric eels (D:9)
  2 jellies
  7 crimson imps
  10 orc wizards
  2 centaur zombies (D:8)
  5 giant frog skeletons
  7 orc priests
  12 hounds
  2 iguanas
  A gnoll shaman (D:7)
  2 centaur skeletons
  Natasha (thrice) (D:2)
  8 worker ants
  A killer bee zombie (D:10)
  Robin (D:4)
  A howler monkey skeleton (D:10)
  13 adders
  5 gnolls (D:7)
  2 river rats (D:11)
  2 shadow imps
  An adder skeleton (D:7)
  An adder zombie (D:6)
  4 worms
  3 dart slugs
  5 giant geckos
  35 orcs
  4 giant cockroaches
  20 goblins
  3 hobgoblins
  8 jackals
  8 quokkas
  A ball python (D:3)
  4 bats
  2 giant gecko skeletons (D:4)
  5 giant newts
  7 kobolds
  A quokka zombie (D:7)
  3 rats
303 creatures vanquished.

Vanquished Creatures (others)
  A wolf spider (D:4)
1 creature vanquished.

Grand Total: 304 creatures vanquished

Notes
Turn   | Place    | Note
--------------------------------------------------------------
     0 | D:1      | AlphabetPasta the Naga Venom Mage began the quest for the Orb.
     0 | D:1      | Reached XP level 1. HP: 15/15 MP: 3/3
   176 | D:1      | Reached XP level 2. HP: 22/22 MP: 3/5
   966 | D:2      | Noticed Natasha
   967 | D:2      | Found a bloodstained altar of Trog.
   970 | D:2      | Killed Natasha
   970 | D:2      | Reached skill level 6 in Poison Magic
   970 | D:2      | Reached XP level 3. HP: 28/28 MP: 4/7
   985 | D:2      | Learned a level 3 spell: Mephitic Cloud
  1241 | D:2      | Noticed Natasha
  1247 | D:2      | Killed Natasha
  1247 | D:2      | Reached XP level 4. HP: 30/36 MP: 2/8
  1253 | D:2      | Learned a level 4 spell: Olgreb's Toxic Radiance
  1359 | D:2      | Found a shadowy altar of Dithmenos.
  1527 | D:2      | Noticed Sigmund
  1554 | D:2      | Killed Sigmund
  1554 | D:2      | Reached skill level 7 in Poison Magic
  1554 | D:2      | Reached XP level 5. HP: 5/42 MP: 0/10
  1554 | D:2      | Reached XP level 6. HP: 6/49 MP: 0/11
  1820 | D:2      | Noticed Natasha
  1827 | D:2      | Killed Natasha
  1903 | D:2      | Found a shattered altar of Ashenzari.
  1934 | D:2      | Found a blossoming altar of Fedhas.
  2147 | D:3      | Noticed a dagger
  2148 | D:3      | Noticed a dagger
  2151 | D:3      | Found a hide-covered altar of Uskayaw.
  2756 | D:3      | Noticed Magifyre's ghost (amateur DEFE)
  3315 | D:4      | Reached skill level 8 in Poison Magic
  3578 | D:4      | Found a staircase to the Ecumenical Temple.
  3584 | Temple   | Entered the Ecumenical Temple
  4042 | D:4      | Noticed Robin
  4067 | D:4      | Reached XP level 7. HP: 56/56 MP: 10/12
  4074 | D:4      | Killed Robin
  4214 | D:4      | Found an oddly glowing altar of Pakellas.
  4214 | D:4      | Noticed a wolf spider
  4227 | D:4      | Killed a wolf spider
  4228 | D:4      | Noticed a white very ugly thing
  4299 | D:4      | Reached skill level 1 in Polearms
  4649 | D:5      | Entered Level 5 of the Dungeon
  4815 | D:5      | Found Oledenes's Food Shop.
  4856 | D:5      | Reached skill level 9 in Poison Magic
  5078 | D:5      | Upgraded the game from 0.19-a0-722-g27ac516 to 0.19-a0-727-g0a03c4b
  5169 | D:5      | Found a stormy altar of Qazlal.
  5195 | D:5      | Found an iron altar of Okawaru.
  5320 | D:5      | Reached skill level 1 in Fighting
  5397 | D:6      | Noticed Grinder
  5413 | D:5      | Reached XP level 8. HP: 44/64 MP: 12/14
  5538 | D:6      | Paralysed by Grinder for 3 turns
  5549 | D:6      | Paralysed by Grinder for 7 turns
  5570 | D:6      | Killed Grinder
  5570 | D:6      | Reached skill level 1 in Conjurations
  5879 | D:6      | Got a twitching pewter ring
  5880 | D:6      | Identified the ring "Ilear" {Fire Stlth+} (You found it on level 6 of the Dungeon)
  5904 | D:6      | Found a snail-covered altar of Cheibriados.
  5912 | D:6      | Became a worshipper of Cheibriados the Contemplative
  5921 | D:6      | Reached skill level 5 in Spellcasting
  5921 | D:6      | Reached skill level 10 in Poison Magic
  6202 | D:6      | Reached skill level 1 in Invocations
  6308 | D:6      | Reached * piety under Cheibriados
  6350 | D:6      | Reached XP level 9. HP: 74/74 MP: 17/17
  6357 | D:6      | Learned a level 5 spell: Venom Bolt
  6652 | D:6      | Reached skill level 1 in Staves
  7113 | D:7      | Reached ** piety under Cheibriados
  7549 | D:7      | Reached skill level 1 in Bows
  7589 | D:7      | Reached skill level 5 in Stealth
  7607 | D:7      | Reached skill level 11 in Poison Magic
  7816 | D:8      | Reached *** piety under Cheibriados
  7829 | D:8      | Found Kig Asua's Gadget Emporium.
  7890 | D:8      | Noticed Justinthyme's ghost (novice DENe)
  7901 | D:8      | Noticed a two-headed ogre
  7915 | D:8      | Killed a two-headed ogre
  7923 | D:8      | Killed Justinthyme's ghost
  7923 | D:8      | Reached XP level 10. HP: 62/81 MP: 19/19
  8007 | D:8      | Noticed Maurice
  8019 | D:8      | Killed Maurice
  8030 | D:8      | Got an aquamarine-studded ring mail
  8031 | D:8      | Identified the cursed +1 ring mail of the Komtur {*Contam MR++ Regen+ Str+4} (You found it on level 8 of the Dungeon)
  8244 | D:8      | Found a burning altar of Makhleb.
  8331 | D:8      | Identified a -2 rod of shadows (14/14) (You found it on level 8 of the Dungeon)
  8715 | D:8      | Reached **** piety under Cheibriados
  8721 | D:8      | Reached skill level 1 in Armour
  8721 | D:8      | Reached skill level 5 in Invocations
  8962 | D:9      | Reached ***** piety under Cheibriados
  8971 | D:9      | Reached skill level 5 in Conjurations
  8973 | D:9      | Found a staircase to the Lair.
  9030 | D:9      | Reached XP level 11. HP: 87/88 MP: 16/21
  9031 | D:9      | Reached skill level 12 in Poison Magic
  9381 | D:9      | Got a pair of faintly glowing gloves
  9392 | D:9      | Identified the +0 pair of gloves "Paen" {*Contam rN+++ rCorr Dex-2} (You found it on level 9 of the Dungeon)
  9670 | D:10     | Entered Level 10 of the Dungeon
  9674 | D:10     | Reached ****** piety under Cheibriados
  9889 | D:10     | Reached skill level 5 in Staves
 10331 | D:10     | Noticed a hill giant
 10344 | D:10     | Killed a hill giant
 10509 | D:11     | Noticed Snorg
 10509 | D:11     | Noticed a hill giant
 10578 | D:11     | Noticed Wraiths's ghost (journeyman DsAr)
 10739 | D:11     | Noticed Urug
 10753 | D:11     | Killed a hill giant
 10758 | D:11     | Killed Urug
 10768 | D:11     | Slain by Snorg

Vault maps used:
D:1:      dpeg_arrival_arbitrary_c
D:2:      lemuel_doored_altar, ashenzari_altar_1, lemuel_coloured_pillars_altar,
          trog_three_pillars_becter, uniq_sigmund, uniq_natasha
D:3:      dancing_weapons_uskayaw, first_bread
D:4:      gammafunk_pakellas_its_alive, uniq_robin
D:5:      overflow_temple_1_default, serial_shops, nicolae_shop_window_shopping,
          amethyst_killhole, kennysheep_okawaru_gauntlet, uniq_pikel
D:6:      cheibriados_altar_1, uniq_grinder
D:8:      bloody_makhleb, serial_shops, nicolae_shop_statue_plus, uniq_maurice
D:9:      erik_lair_island, special_room, enter_bailey_3,
          kennysheep_small_square
D:10:     the_bakery, item_on_display_a
D:11:     orc_0_dummy, pond, uniq_snorg, uniq_urug, uniq_josephine
Temple:   eino_narrow_crystal_temple

Skill      XL: |  1  2  3  4  5  6  7  8  9 10 11 |
---------------+----------------------------------+-----
Dodging        | 2 3 |  3.1
Poison Magic   | 6 7 8 9 10 11 12 | 12.7
Spellcasting   | 3 4 5 6 7 |  7.5
Polearms       | 2 |  2.4
Fighting       | 1 2 |  2.7
Conjurations   | 2 3 5 6 |  6.2
Invocations    | 2 4 5 6 |  6.9
Staves         | 3 4 5 |  5.5
Stealth        | 6 |  6.4
Bows           | 2 3 4 |  4.9
Armour         | 1 3 |  3.1

Action                   |  1- 3 |  4- 6 |  7- 9 | 10-12 || total
-------------------------+-------+-------+-------+-------++-------
Melee: Hand axe          |       |    35 |       |       ||    35
       Trident           |       |     2 |   253 |   226 ||   481
 Fire: Shortbow          |       |       |     4 |    41 ||    45
 Cast: Sting             |    23 |    47 |    49 |    32 ||   151
       Olgreb's Toxic Ra |       |     4 |    27 |    57 ||    88
       Mephitic Cloud    |       |       |     1 |     6 ||     7
 Abil: Spit Poison       |    20 |    32 |    49 |    35 ||   136
  Use: Potion            |       |     2 |     7 |     2 ||    11
       Scroll            |       |     9 |     5 |     4 ||    18
 Stab: Sleeping          |       |       |     5 |     4 ||     9
       Distracted        |       |       |     1 |     3 ||     4
  Eat: Chunk             |     2 |     3 |     4 |     4 ||    13
       Meat ration       |       |     1 |     3 |     1 ||     5
       Beef jerky        |       |     1 |       |     1 ||     2
       Pizza             |       |       |     1 |       ||     1
       Bread ration      |       |       |     1 |     3 ||     4
       Royal jelly       |       |       |       |     2 ||     2
Armor: Robe              |       |    17 |   138 |    25 ||   180
       Ring mail         |       |       |       |   181 ||   181
Dodge: Dodged            |     3 |    49 |   148 |   222 ||   422
